 Dungeon Crawl Stone Soup version 0.31-a0-569-g7ea453304b (webtiles) character file.

Game seed: 14048528304290997406

15232 Ajdolov the Mimic (level 12, -2/52 HPs)
             Began as a Vine Stalker Shapeshifter on Aug 18, 2023.
             Was a Follower of Ru.
             Slain by a merfolk
             ... wielding a +0 trident
              (7 damage)
             ... on level 2 of the Lair of Beasts.
             The game lasted 00:19:26 (10737 turns).

Ajdolov the Mimic (Vine Stalker Shapeshifter)      Turns: 10737, Time: 00:19:27

Health: -2/52      AC: 13    Str: 21    XL:     12   Next: 24%
Magic:  0/18       EV:  5    Int:  8    God:    Ru [*.....]
Gold:   655        SH:  0    Dex: 23    Spells: 18/18 levels left

rFire   + .          .
                       - Unarmed
rCold   . . .        (shield currently unavailable)
rNeg    . . .        G - +0 plate armour
rPois   .            O - +0 helmet
rElec   .            (no cloak)
rCorr   .            e - +0 pair of gloves
SInv    .            A - +0 pair of boots
Will    +....        (no amulet) Stlth
                     m - +6 ring of dexterity
HPRegen 1.08/turn    K - ring of protection from fire
MPRegen 0.16/turn

%: guardian spirit
@: flux-form, glowing
A: glow, contaminating, fangs 3, regeneration 1, magic shield, antimagic bite,
no potion heal 2, inability to train dodging
a: Begin Untransformation, Renounce Religion


You were on level 2 of the Lair of Beasts.
You worshipped Ru.
Ru was aware of your devotion.
You were something dangerously unstable.
You visited 3 branches of the dungeon, and saw 13 of its levels.
You also visited: Sewer.

You collected 725 gold pieces.
You spent 70 gold pieces at shops.

Inventory:

Missiles
 J - a throwing net
Armour
 e - a +0 pair of gloves (worn)
 A - a +0 pair of boots (worn)
 G - a +0 plate armour (worn)
 O - a +0 helmet (worn)
Jewellery
 b - a ring of magical power
 m - a +6 ring of dexterity (left hand)
 x - a ring of flight
 C - a ring of wizardry
 K - a ring of protection from fire (right hand)
 M - a +6 ring of intelligence
Talismans
 c - a beast talisman
 d - a flux talisman (active)
Wands
 r - a wand of mindburst (15)
 L - a wand of flame (11)
Scrolls
 f - a scroll of acquirement {unknown}
 g - 8 scrolls of teleportation
 k - 7 scrolls of blinking
 l - 2 scrolls of immolation
 n - 2 scrolls of enchant weapon
 o - a scroll of enchant armour
 p - 2 scrolls of revelation
 q - 2 scrolls of vulnerability
 t - 3 scrolls of silence
 y - 3 scrolls of poison
 B - 2 scrolls of fog
 H - a scroll of brand weapon
Potions
 h - a potion of curing
 i - 2 potions of enlightenment
 j - 2 potions of berserk rage {unknown}
 s - 4 potions of magic
 v - a potion of cancellation {unknown}
 w - a potion of resistance {unknown}
 z - 2 potions of degeneration {unknown}
 D - a potion of attraction {unknown}
 F - a potion of haste
 I - 3 potions of brilliance
 N - a potion of might {unknown}


   Skills:
 - Level 0.8 Fighting
 + Level 11.6 Unarmed Combat
 + Level 3.8 Spellcasting
 * Level 13.4 Shapeshifting


You had 18 spell levels left.
You didn't know any spells.
Your spell library contained the following spells:

 Spells                   Type           Power      Damage    Failure   Level
 Freeze                   Ice            4%         1d3       100%        1
 Shock                    Conj/Air       4%         1d3       100%        1
 Sting                    Tmut/Pois      4%         1d3       100%        1
 Blink                    Tloc           2%         N/A       100%        2
 Poisonous Vapours        Pois/Air       2%         N/A       100%        2
 Frozen Ramparts          Ice            2%         1d1       100%        3
 Hailstorm                Conj/Ice       1%         3d3       100%        3
 Inner Flame              Hex/Fire       1%         N/A       100%        3
 Swiftness                Air            1%         N/A       100%        3
 Airstrike                Air            0%         2d(1-17)  100%        4
 Manifold Assault         Tloc           1%         N/A       100%        4
 Olgreb's Toxic Radiance  Pois           1%         N/A       100%        4
 Passage of Golubria      Tloc           1%         N/A       100%        4
 Silence                  Hex/Air        0%         N/A       100%        5
 Yara's Violent Unravell  Hex/Tmut       0%         3d3       100%        5
 Enfeeble                 Hex            0%         N/A       100%        7
 Lehudib's Crystal Spear  Conj/Erth      0%         10d2      100%        8


Dungeon Overview and Level Annotations

Branches:
Dungeon (10/15)            Temple (1/1) D:7            Lair (2/5) D:8
 Shoals (0/4) Lair:2          Orc (0/2) D:10          Sewer (visited)
  Snake: Lair:2-3    Spider: Lair:2-3

Altars:
Ashenzari
Cheibriados
Dithmenos
Elyvilon
Fedhas
Gozag
Hepliaklqana
Kikubaaqudgha
Makhleb
Nemelex Xobeh
Okawaru
Qazlal
Ru
Sif Muna
Trog
Vehumet
Wu Jian
Xom
Yredelemnul
Zin
The Shining One

Shops:
D:7 ?

Annotations:
D:5 1 runed translucent door, flt's ghost, novice FeSh
D:10 3 runed translucent doors, MrAu's ghost, journeyman TeFi
Lair:2 exclusion: oklob plant


Innate Abilities, Weirdness & Mutations

You are something dangerously unstable.
You glow with magical radiation, making you easy to see and hit.
Foes you strike become dangerously contaminated with magical radiation.
You are incapable of wielding weapons or throwing items.
You have razor-sharp teeth.
Your natural rate of healing is unusually fast.
When hurt, damage is shared between your health and your magic reserves.
Your bite disrupts and absorbs the magic of your enemies.
Potions cannot restore your health.
You cannot train Dodging skill.


Message History

You punch the wolf!
The wolf glows dangerously bright.
You bite the wolf. You drain its power.
The wolf is almost dead.
The wolf bites you.
You punch the wolf!
You kill the wolf!
The merfolk hits you from afar with a +0 trident!
The merfolk hits you with a +0 trident!!
You see here a wolf corpse.
You are too injured to fight recklessly!
You are too injured to fight recklessly!
You are too injured to fight recklessly!
You hit the merfolk.
The merfolk begins to glow.
The merfolk is lightly wounded.
The merfolk completely misses you.
You punch the merfolk!
The merfolk glows dangerously bright.
The merfolk is lightly wounded.
The merfolk completely misses you.
You hit the merfolk but do no damage.
The merfolk shudders as magic cascades through it!
The merfolk twists and deforms.
Your bite misses the merfolk.
The merfolk is moderately wounded.
The merfolk hits you with a +0 trident!
You closely miss the merfolk. Your bite misses the merfolk.
The merfolk is moderately wounded.
You hit the merfolk.
The merfolk begins to glow.
The merfolk is moderately wounded.
The merfolk hits you with a +0 trident!
* * * LOW HITPOINT WARNING * * *
You hit the merfolk.
The merfolk glows dangerously bright.
You bite the merfolk, but do no damage.
The merfolk is heavily wounded.
The merfolk hits you with a +0 trident!
* * * LOW HITPOINT WARNING * * *
You punch the merfolk!
The merfolk shudders as magic cascades through it.
The merfolk twists and deforms.
Your bite misses the merfolk.
The merfolk is severely wounded.
The merfolk hits you with a +0 trident!
You die...

.#♣.♣.♣#♣...♣#.♣♣♣♣#..###...##
.#.♣.♣.#♣♣.♣♣#.....#.## #....
.#♣♣.♣♣# #.# ###.♣♣#..# #...#.
.# ♣.♣♣ ... #♣...♣#.P###......
.#♣♣♣.♣#.♣♣♣.#.♣♣♣.#........
.#..♣♣.#. .#.♣ ♣.#........
.#.♣...# #.♣♣♣.#..##..~~
.#.♣♣♣♣# #♣...♣#.....~~≈ .#♣.♣
#♣.Bm♣#....~≈≈≈ ...♣♣
#.♣♣♣†.....~≈~~ ....♣ #.♣
♣.....~~≈ ..♣♣...# #.♣
♣......≈≈ .#♣ ♣♣.#
#♣.P.♣#...~~≈ .# # ♣... ....~~
.# #.♣♣♣ .###.~ .# # . . .# .


You could see a merfolk (misshapen).

Vanquished Creatures
  Erica (D:8)
  A skyshark (Lair:2)
  2 merfolk sirens (Lair:2)
  2 black mambas
  2 cane toads
  A komodo dragon (Lair:2)
  A rime drake (Lair:2)
  4 kobold demonologists (D:10)
  A merfolk (Lair:2)
  2 trolls (D:7)
  A blink frog (Lair:2)
  A slime creature (D:7)
  5 wyverns
  20 yaks
  2 basilisks (Lair:2)
  A steam dragon (D:8)
  Menkaure (D:7)
  7 water moccasins
  2 ice beasts
  2 black bears
  4 orc warriors
  3 sky beasts
  2 ogres
  A wolf (Lair:2)
  3 phantoms
  3 centaurs
  6 bullfrogs
  3 kobold brigands
  3 gnoll sergeants
  5 scorpions
  3 wights (D:7)
  11 killer bees (D:10)
  5 howler monkeys
  A crimson imp (D:9)
  2 gnoll boudas
  7 orc priests
  3 hounds (D:5)
  A jelly (D:6)
  4 iguanas
  9 orc wizards
  12 adders
  26 gnolls
  6 river rats (Sewer)
  A shadow imp (D:8)
  2 white imps
  A worm (D:2)
  4 dart slugs
  27 orcs
  6 ball pythons
  9 endoplasms
  8 giant cockroaches
  6 goblins
  14 hobgoblins
  11 jackals
  2 quokkas
  6 bats
  3 frilled lizards
  15 kobolds
  7 rats
304 creatures vanquished.

Notes
Turn   | Place    | Note
-------+----------+-------------------------------------------
     0 | D:1      | Ajdolov the Vine Stalker Shapeshifter began the quest for
                  | the Orb.
     0 | D:1      | Reached XP level 1. HP: 9/9 MP: 2/2
    72 | D:1      | Reached XP level 2. HP: 12/14 MP: 3/3
   157 | D:1      | You fall into a shaft and drop 1 floor!
   358 | D:1      | Reached XP level 3. HP: 17/17 MP: 4/4
  1055 | D:2      | Gained mutation: Your natural rate of healing is unusually
                  | fast. [Vine Stalker growth]
  1055 | D:2      | Reached XP level 4. HP: 21/21 MP: 5/5
  1145 | D:2      | Found Ynunnumumn's Book Emporium.
  1151 | D:2      | Reached skill level 4 in Shapeshifting
  1446 | D:3      | Reached XP level 5. HP: 8/25 MP: 2/6
  1512 | D:3      | Found a basalt altar of Yredelemnul.
  2018 | D:4      | Noticed a phantom
  2038 | D:4      | Noticed a black bear
  2043 | D:3      | Killed a black bear
  2044 | D:3      | Reached skill level 5 in Shapeshifting
  2044 | D:3      | Reached XP level 6. HP: 25/29 MP: 5/7
  2199 | D:4      | Reached skill level 5 in Unarmed Combat
  2199 | D:4      | Reached XP level 7. HP: 32/32 MP: 8/8
  2399 | D:4      | Reached skill level 6 in Shapeshifting
  2488 | D:5      | Entered Level 5 of the Dungeon
  2548 | D:5      | Found a glowing drain.
  2601 | Sewer    | Entered a sewer
  2852 | Sewer    | Gained mutation: You have razor-sharp teeth. [Vine Stalker
                  | growth]
  2852 | Sewer    | Reached XP level 8. HP: 37/37 MP: 9/9
  3396 | D:5      | Reached skill level 7 in Shapeshifting
  3638 | D:5      | HP: 2/55 [orc priest/+0 whip (1)]
  3643 | D:5      | HP: 2/55 [poisoned by a water moccasin]
  3862 | D:5      | Found a runed translucent door.
  3862 | D:5      | Noticed flt's ghost (novice FeSh)
  4262 | D:6      | Reached skill level 8 in Shapeshifting
  4322 | D:6      | Found a shadowy altar of Dithmenos.
  4406 | D:6      | Reached XP level 9. HP: 40/40 MP: 10/10
  4409 | D:6      | Found a radiant altar of Vehumet.
  5231 | D:7      | Reached skill level 9 in Shapeshifting
  5262 | D:7      | Found a staircase to the Ecumenical Temple.
  5269 | D:7      | Noticed Menkaure
  5424 | D:7      | Killed Menkaure
  5439 | Temple   | Entered the Ecumenical Temple
  5531 | D:7      | Found Douk's Magic Scroll Emporium.
  5554 | D:7      | Bought a scroll of identify for 20 gold pieces
  5554 | D:7      | Bought a scroll of teleportation for 30 gold pieces
  5554 | D:7      | Bought a scroll of identify for 20 gold pieces
  5928 | D:7      | Reached skill level 10 in Shapeshifting
  5928 | D:7      | Reached XP level 10. HP: 42/44 MP: 11/11
  5942 | D:7      | Found an opulent altar of Gozag.
  5942 | D:7      | Found a stormy altar of Qazlal.
  6547 | D:8      | Found a shimmering blue altar of Sif Muna.
  6654 | D:8      | Noticed Erica
  6661 | D:8      | Killed Erica
  6990 | D:8      | Found a staircase to the Lair.
  7095 | D:8      | Reached skill level 11 in Shapeshifting
  7454 | D:9      | Reached skill level 10 in Unarmed Combat
  7531 | D:9      | Reached XP level 11. HP: 46/48 MP: 12/12
  7862 | D:9      | Reached skill level 12 in Shapeshifting
  8011 | D:9      | Identified the +8 whip "Lifebane" {elec, rF+ rCorr}
  8185 | D:10     | Entered Level 10 of the Dungeon
  8211 | D:10     | Found a sacrificial altar of Ru.
  8219 | D:10     | Became a worshipper of Ru the Awakened
  8405 | D:10     | Found a runed translucent gate.
  8405 | D:10     | Found a runed translucent gate.
  8424 | D:10     | Found a runed translucent gate.
  8424 | D:10     | Noticed a nine-headed hydra
  8424 | D:10     | Noticed MrAu's ghost (journeyman TeFi)
  8561 | D:10     | Found a staircase to the Orcish Mines.
  9214 | Lair:1   | Entered Level 1 of the Lair of Beasts
  9595 | Lair:1   | Reached skill level 1 in Spellcasting
  9609 | Lair:1   | Gained mutation: You cannot train Dodging skill. [Ru
                  | sacrifice]
  9609 | Lair:1   | Reached * piety under Ru
 10159 | Lair:2   | Reached skill level 13 in Shapeshifting
 10181 | Lair:2   | Noticed a skyshark
 10217 | Lair:2   | Killed a skyshark
 10218 | Lair:2   | Reached XP level 12. HP: 38/52 MP: 14/17
 10360 | Lair:2   | Found a staircase to the Shoals.
 10737 | Lair:2   | Slain by a merfolk

Illustrated notes

Levels and vault maps discovered:
D:1:      ncdulo_halloftheorcs, layout_basic
D:2:      layout_basic, serial_shops, nicolae_shop_tiny_real_fake_doors,
          minmay_3d_cube
D:3:      layout_loops_ring, mainiacjoe_overflow_catwalk
D:4:      layout_rooms
D:5:      layout_cave_pods, gammafunk_ghost_grave, gup_sewer_entry_glass
D:6:      layout_loops_ring, nicolae_dithmenos_through_a_glass_darkly,
          mainiacjoe_overflow_concentric_impassable
D:7:      minmay_cornered_nines, layout_loops_ring,
          gammafunk_temple_overflow_elements, minmay_temple_entry_purple_smoke,
          serial_shops, shop, uniq_menkaure
D:8:      layout_cave_pods, lemuel_crystal_altar, lair_entry_dummy, uniq_erica
D:9:      layout_loops_cross, serial_glass, glass_columns_a, glass_columns_b,
          feat_on_display, minmay_fire_ice_demons
D:10:     layout_loops_ring, nicolae_overflow_hidden_temple,
          nicolae_ru_sacrificial_ziggurat, orc_0_dummy,
          gammafunk_ghost_hydra_chop
Temple:   nicolae_temple_superstar
Lair:1:   layout_regular_city
Lair:2:   nzn_winding_woodlands_medium [nzn_winding_woodlands_hourglass,
          nzn_winding_woodlands_5x15_jagged,
          nzn_winding_woodlands_5x5_checkerboard,
          nzn_winding_woodlands_5x5_perimeter,
          nzn_winding_woodlands_center_lodge,
          nzn_winding_woodlands_5x5_open_star, nzn_winding_woodlands_5x5_cross,
          nzn_winding_woodlands_5x15_zeroes, nzn_winding_woodlands_5x5_three],
          layout_small_grid, elwin_shoals_entry_stream,
          infiniplex_staircase_pool_2

Skill      XL: |  1  2  3  4  5  6  7  8  9 10 11 12 |
---------------+-------------------------------------+-----
Shapeshifting  | 4 5 6 8 10 11 13 | 13.4
Unarmed Combat | 4 5 7 8 10 11 | 11.6
Spellcasting   | 2 3 |  3.8
Dodging        | 0 |  0.0
Fighting       | |  0.8

Action                     |  1- 3 |  4- 6 |  7- 9 | 10-12 || total
---------------------------+-------+-------+-------+-------++-------
  Melee: Unarmed           |    72 |    81 |   391 |   440 ||   984
         Bite              |    23 |    31 |   125 |   168 ||   347
         Punch             |     2 |       |     1 |       ||     3
 Invoke: Sacrifice Nimblen |       |       |       |     1 ||     1
  Evoke: Wand              |       |       |     2 |     6 ||     8
    Use: Potion            |       |       |     1 |     5 ||     6
         Scroll            |       |       |       |    15 ||    15
   Stab: Distracted        |     1 |       |       |       ||     1
 Armour: Ring mail         |    15 |       |       |       ||    15
         Scale mail        |     8 |     5 |       |       ||    13
         Chain mail        |       |    25 |   143 |       ||   168
         Skin              |       |       |    13 |    17 ||    30
         Plate armour      |       |       |    26 |   187 ||   213
  Dodge: Dodged            |    36 |    33 |   143 |    99 ||   311
   Form: Flux              |       |       |     1 |       ||     1

Table legend: (Time is in decaauts)
 A = Elapsed time spent in this place.
 B = Non-inter-level travel time spent in this place.
 C = Inter-level travel time spent in this place.
 D = Time resting spent in this place.
 E = Time spent auto-exploring this place.
 F = Levels seen in this place.
 G = Mean time per level.
                   A        B        C        D        E       F      G
               +--------+--------+--------+--------+--------+-----+--------+
         Total |  10735 |  10230 |    505 |    386 |   7515 |  14 |  766.8 |
       Dungeon |   8439 |   8026 |    413 |    331 |   5877 |  10 |  843.9 |
        Temple |     17 |      9 |      8 |      0 |      0 |   1 |   17.0 |
          Lair |   1478 |   1394 |     84 |     55 |   1017 |   2 |  739.0 |
         Sewer |    799 |    799 |      0 |      0 |    621 |   1 |  799.0 |
               +--------+--------+--------+--------+--------+-----+--------+

Top non-repeatable levels by time:
     D:6: 1126 daAuts
     D:7: 1083 daAuts
     D:5: 1056 daAuts
     D:8: 949 daAuts
    D:10: 909 daAuts
  Lair:1: 862 daAuts
     D:9: 836 daAuts
   Sewer: 799 daAuts
     D:3: 793 daAuts
     D:1: 684 daAuts
  Lair:2: 616 daAuts
     D:2: 585 daAuts
     D:4: 415 daAuts
  Temple: 17 daAuts
